BR
SAN PABLO DE LAS SALINAS DOCTORS @ ATLANTIC CITY WAR DOGS
08/29/2026
 
TOP OF THE 1ST
San Pablo de las Salinas Doctors batting - Pitching for Boise White Sox : LHP Ramón Cardenas
Pitching: LHP Ramón Cardenas
Batting: SHB Jorge Maldonado 0-0: Ball
1-0: Foul Ball, location: 2F
1-1: Bunted foul
1-2: Foul Ball, location: 2F
1-2: Ball
2-2: Ball
3-2: SINGLE (Line Drive, 56D)
Batting: SHB Carlos González 0-0: Called Strike
0-1: Foul Ball, location: 2F
0-2: Ball
1-2: Ball
2-2: Foul Ball, location: 2F
2-2: Ball
3-2: Base on Balls
Jorge Maldonado to second
Batting: SHB José Vélez 0-0: Ball
Jorge Maldonado steals 3rd base
Carlos González to second
1-0: Foul Ball, location: 2F
1-1: Foul Ball, location: 2F
1-2: Foul Ball, location: 2F
1-2: Ball
2-2: Ground out 6-3 (Groundball, 6)
Jorge Maldonado scores
Carlos González to third
Batting: RHB John Jones 0-0: Ball
1-0: Fly out, F9 (Flyball, 89M)
Runner from 3rd tags up, SCORES, no throw
Batting: RHB Pedro López 0-0: SOLO HOME RUN (Flyball, 7LD), Distance : 354 ft
Batting: RHB Luis López 0-0: Called Strike
0-1: Called Strike
0-2: SINGLE (Groundball, 6MD)
Batting: RHB Arturo Franco 0-0: Ball
1-0: Ball
2-0: Ball
3-0: Called Strike
Pickoff Throw by Catcher to First - Out!
Top of the 1st over - 3 run(s), 3 hit(s), 0 error(s), 0 left on base; San Pablo de las Salinas 3 - Boise 0
BOTTOM OF THE 1ST
Boise White Sox batting - Pitching for San Pablo de las Salinas Doctors : LHP Juan Rodríguez
Pitching: LHP Juan Rodríguez
Batting: SHB António Ramos 0-0: Ball
1-0: Called Strike
1-1: Fly out, F8 (Flyball, 8RM)
Batting: RHB Clarence Harrison 0-0: Foul Ball, location: 2F
0-1: Ball
1-1: Ground out 5-3 (Groundball, 5L)
Batting: RHB Jorge Barrios 0-0: Called Strike
0-1: Ball
1-1: Foul Ball, location: 2F
1-2: Fly out, F6 (Popup, 5D)
Bottom of the 1st over - 0 run(s), 0 hit(s), 0 error(s), 0 left on base; San Pablo de las Salinas 3 - Boise 0
TOP OF THE 2ND
San Pablo de las Salinas Doctors batting - Pitching for Boise White Sox : LHP Ramón Cardenas
Batting: RHB Arturo Franco 0-0: Called Strike
0-1: Called Strike
0-2: Ball
1-2: Strikes out swinging
Batting: SHB Jorge Aguilar 0-0: Swinging Strike
0-1: Ball
1-1: Swinging Strike
1-2: Ball
2-2: Strikes out looking
Batting: LHB Julián Díaz 0-0: Foul Ball, location: 2F
0-1: Swinging Strike
0-2: Strikes out looking
Top of the 2nd over - 0 run(s), 0 hit(s), 0 error(s), 0 left on base; San Pablo de las Salinas 3 - Boise 0
BOTTOM OF THE 2ND
Boise White Sox batting - Pitching for San Pablo de las Salinas Doctors : LHP Juan Rodríguez
Batting: RHB Pancho Reyna 0-0: Ball
1-0: Ball
2-0: SINGLE (Line Drive, 78S)
Batting: RHB Bennie McGrath 0-0: Called Strike
0-1: Called Strike
0-2: Strikes out looking
Batting: RHB Pascal Bolzoni 0-0: Hit by Pitch
Pancho Reyna to second
Batting: RHB Dennis House 0-0: Ball
1-0: Called Strike
1-1: Swinging Strike
1-2: Strikes out swinging
Batting: RHB Armando Vega 0-0: Swinging Strike
0-1: SINGLE (Line Drive, 8RS)
Pancho Reyna to third
Pascal Bolzoni to second
Runner from 3rd tries for Home, SAFE, no throw or cutoff
Batting: RHB Don Jackson 0-0: Ball
Wild Pitch!
Pascal Bolzoni to third
Armando Vega to second
1-0: SINGLE (Groundball, 4MD)
Pascal Bolzoni scores
Armando Vega to third
Runner from 3rd tries for Home, SAFE, no throw or cutoff
Batting: SHB António Ramos 0-0: Swinging Strike
0-1: Ball
1-1: Ball
2-1: Foul Ball, location: 2F
2-2: Foul Ball, location: 2F
2-2: Ball
Throwing error on steal attempt, E2
Don Jackson to third
3-2: SINGLE (Flyball, 7S)
Don Jackson scores
Batting: RHB Clarence Harrison 0-0: Foul Ball, location: 2F
0-1: Ball
1-1: Ball
2-1: Ball
3-1: Called Strike
3-2: Base on Balls
António Ramos to second
Batting: RHB Jorge Barrios 0-0: Ground out 4-3 (Groundball, 4)
Bottom of the 2nd over - 4 run(s), 4 hit(s), 1 error(s), 2 left on base; San Pablo de las Salinas 3 - Boise 4
TOP OF THE 3RD
San Pablo de las Salinas Doctors batting - Pitching for Boise White Sox : LHP Ramón Cardenas
Batting: SHB Jorge Maldonado 0-0: Ball
1-0: Foul Ball, location: 2F
1-1: Ball
2-1: Ball
3-1: Base on Balls
Batting: SHB Carlos González 0-0: Called Strike
0-1: Grounds into double play, 5-4-3 (Groundball, 56)
Batting: SHB José Vélez 0-0: Ground out 6-3 (Groundball, 56)
Top of the 3rd over - 0 run(s), 0 hit(s), 0 error(s), 0 left on base; San Pablo de las Salinas 3 - Boise 4
BOTTOM OF THE 3RD
Boise White Sox batting - Pitching for San Pablo de las Salinas Doctors : LHP Juan Rodríguez
Batting: RHB Pancho Reyna 0-0: Foul Ball, location: 2F
0-1: Ball
1-1: Swinging Strike
1-2: Foul Ball, location: 2F
1-2: Strikes out swinging
Batting: RHB Bennie McGrath 0-0: Fly out, F8 (Flyball, 8LM)
Batting: RHB Pascal Bolzoni 0-0: Ball
1-0: Foul Ball, location: 2F
1-1: Fly out, F9 (Flyball, 9LMF)
Bottom of the 3rd over - 0 run(s), 0 hit(s), 0 error(s), 0 left on base; San Pablo de las Salinas 3 - Boise 4
TOP OF THE 4TH
San Pablo de las Salinas Doctors batting - Pitching for Boise White Sox : LHP Ramón Cardenas
Batting: RHB John Jones 0-0: Called Strike
0-1: Foul Ball, location: 2F
0-2: Ground out 5-3 (Groundball, 5S)
Batting: RHB Pedro López 0-0: Swinging Strike
0-1: Fly out, F7 (Flyball, 8LM)
Batting: RHB Luis López 0-0: Ground out 5-3 (Groundball, 5S)
Top of the 4th over - 0 run(s), 0 hit(s), 0 error(s), 0 left on base; San Pablo de las Salinas 3 - Boise 4
BOTTOM OF THE 4TH
Boise White Sox batting - Pitching for San Pablo de las Salinas Doctors : LHP Juan Rodríguez
Batting: RHB Dennis House 0-0: Called Strike
0-1: Called Strike
0-2: Ball
1-2: Ball
2-2: Ball
3-2: DOUBLE (Line Drive, 9LM)
Batting: RHB Armando Vega 0-0: Called Strike
0-1: Foul Ball, location: 2F
0-2: Strikes out swinging
Batting: RHB Don Jackson 0-0: Called Strike
0-1: Ball
1-1: Foul Ball, location: 2F
1-2: Foul Ball, location: 2F
1-2: Strikes out swinging
Batting: SHB António Ramos 0-0: Called Strike
0-1: Fly out, F7 (Flyball, 78S)
Bottom of the 4th over - 0 run(s), 1 hit(s), 0 error(s), 1 left on base; San Pablo de las Salinas 3 - Boise 4
TOP OF THE 5TH
San Pablo de las Salinas Doctors batting - Pitching for Boise White Sox : LHP Ramón Cardenas
Batting: RHB Arturo Franco 0-0: Bunt for hit - play at first, batter safe!
Batting: SHB Jorge Aguilar 0-0: Ball
1-0: TRIPLE (Line Drive, 9LS)
Arturo Franco scores
Batting: LHB Julián Díaz 0-0: Foul Ball, location: 2F
0-1: Ball
1-1: Ground out U3 (Groundball, 3)
Batting: SHB Jorge Maldonado 0-0: Ball
1-0: Foul Ball, location: 2F
1-1: 2-RUN HOME RUN (Flyball, 8LXD), Distance : 432 ft
Batting: SHB Carlos González 0-0: Called Strike
0-1: Ball
1-1: Called Strike
1-2: Fly out, F6 (Popup, 56D)
Batting: SHB José Vélez 0-0: Called Strike
0-1: Swinging Strike
0-2: Ball
1-2: Ball
2-2: Strikes out swinging
Top of the 5th over - 3 run(s), 3 hit(s), 0 error(s), 0 left on base; San Pablo de las Salinas 6 - Boise 4
BOTTOM OF THE 5TH
Boise White Sox batting - Pitching for San Pablo de las Salinas Doctors : LHP Juan Rodríguez
Batting: RHB Clarence Harrison 0-0: Ball
1-0: Ground out 1-3 (Groundball, 3S)
Batting: RHB Jorge Barrios 0-0: Called Strike
0-1: Ball
1-1: Ball
2-1: Foul Ball, location: 2F
2-2: Ball
3-2: Foul Ball, location: 2F
3-2: Foul Ball, location: 2F
3-2: Foul Ball, location: 2F
3-2: Ground out 5-3 (Groundball, 5S)
Batting: RHB Pancho Reyna 0-0: Ball
1-0: Ball
2-0: Foul Ball, location: 2F
2-1: SINGLE (Groundball, 6M)
Pitching: RHP Mario Ortíz
Batting: RHB Bennie McGrath 0-0: Fly out, F9 (Flyball, 89M)
Bottom of the 5th over - 0 run(s), 1 hit(s), 0 error(s), 1 left on base; San Pablo de las Salinas 6 - Boise 4
TOP OF THE 6TH
San Pablo de las Salinas Doctors batting - Pitching for Boise White Sox : LHP Ramón Cardenas
Batting: RHB John Jones 0-0: Called Strike
0-1: Ball
1-1: Foul Ball, location: 2F
1-2: Foul Ball, location: 2F
1-2: Foul Ball, location: 2F
1-2: Ball
2-2: Foul Ball, location: 2F
2-2: Strikes out swinging
Pitching: RHP Bernardo Herrera
Batting: RHB Pedro López 0-0: Ball
1-0: Ball
2-0: Foul Ball, location: 2F
2-1: Called Strike
2-2: Strikes out swinging
Batting: RHB Luis López 0-0: Foul Ball, location: 2F
0-1: Ball
1-1: Ball
2-1: Ball
3-1: Ground out 6-3 (Groundball, 6M)
Top of the 6th over - 0 run(s), 0 hit(s), 0 error(s), 0 left on base; San Pablo de las Salinas 6 - Boise 4
BOTTOM OF THE 6TH
Boise White Sox batting - Pitching for San Pablo de las Salinas Doctors : RHP Mario Ortíz
Batting: RHB Pascal Bolzoni 0-0: Ball
1-0: Swinging Strike
1-1: Ball
2-1: Ground out 6-3 (Groundball, 6M)
Batting: RHB Dennis House 0-0: Ball
1-0: Fly out, F5 (Line Drive, 56S)
Batting: RHB Armando Vega 0-0: Ball
1-0: Called Strike
1-1: Fly out, F8 (Flyball, 8RM)
Bottom of the 6th over - 0 run(s), 0 hit(s), 0 error(s), 0 left on base; San Pablo de las Salinas 6 - Boise 4
TOP OF THE 7TH
San Pablo de las Salinas Doctors batting - Pitching for Boise White Sox : RHP Bernardo Herrera
Batting: RHB Arturo Franco 0-0: SINGLE (Groundball, 56S)
Batting: SHB Jorge Aguilar 0-0: Bunt missed!
0-1: Bunted foul
0-2: Foul Ball, location: 2F
0-2: Ball
1-2: Strikes out swinging
Pitching: LHP Miguel Pazo
Batting: LHB Julián Díaz 0-0: Foul Ball, location: 2F
0-1: SINGLE (Line Drive, 34D)
Arturo Franco to second
Runner from 2nd tries for 3rd, SAFE, throw made to third
Julián Díaz to second
Batting: SHB Jorge Maldonado 0-0: Intentional Walk
Pitching: LHP Anthony Blackwell
Batting: SHB Carlos González 0-0: Called Strike
0-1: Ball
1-1: Fly out, F4 (Popup, 4)
Pinch Hitting: LHB Ramón Juárez 0-0: Called Strike
0-1: Foul Ball, location: 2F
0-2: Ground out 6-3 (Groundball, 6)
Top of the 7th over - 0 run(s), 2 hit(s), 0 error(s), 3 left on base; San Pablo de las Salinas 6 - Boise 4
BOTTOM OF THE 7TH
Boise White Sox batting - Pitching for San Pablo de las Salinas Doctors : RHP Mario Ortíz
Now at SS: Phil Moore
Batting: RHB Don Jackson 0-0: Ball
1-0: SINGLE (Groundball, 56D)
Batting: SHB António Ramos 0-0: Called Strike
0-1: Ball
1-1: Ball
Don Jackson is caught stealing 2nd base
2-1: Fly out, F8 (Flyball, 8RM)
Batting: RHB Clarence Harrison 0-0: Ball
1-0: Ball
2-0: Ground out 4-3 (Groundball, 4)
Bottom of the 7th over - 0 run(s), 1 hit(s), 0 error(s), 0 left on base; San Pablo de las Salinas 6 - Boise 4
TOP OF THE 8TH
San Pablo de las Salinas Doctors batting - Pitching for Boise White Sox : LHP Anthony Blackwell
Batting: RHB John Jones 0-0: Ball
1-0: Called Strike
1-1: Called Strike
1-2: Fly out, F8 (Flyball, 8LM)
Batting: RHB Pedro López 0-0: Fly out, F5 (Line Drive, 5)
Batting: RHB Luis López 0-0: Swinging Strike
0-1: SINGLE (Popup, 8LS)
Batting: RHB Arturo Franco 0-0: Ball
1-0: Foul Ball, location: 2F
1-1: Ball
2-1: Reached on Error, E8 (Line Drive, 8LM)
Luis López to third
Pinch Hitting: RHB Francisco Varela 0-0: Hit by Pitch
Pinch Hitting: RHB Sandro Hernández 0-0: Ball
1-0: Foul Ball, location: 2F
1-1: Ball
2-1: SINGLE (Line Drive, 56)
Luis López scores
Arturo Franco to third
Francisco Varela to second
Runner from 3rd tries for Home, SAFE, no throw or cutoff
Batting: SHB Jorge Maldonado 0-0: Called Strike
0-1: SINGLE (Flyball, 8RS)
Francisco Varela to third
Sandro Hernández to second
Runner from 3rd tries for Home, SAFE, no throw or cutoff
Batting: SHB Carlos González 0-0: Ball
1-0: Called Strike
1-1: Fielders Choice at 2nd, 6-4 (Groundball, 56)
Top of the 8th over - 3 run(s), 3 hit(s), 1 error(s), 1 left on base; San Pablo de las Salinas 9 - Boise 4
BOTTOM OF THE 8TH
Boise White Sox batting - Pitching for San Pablo de las Salinas Doctors : RHP Mario Ortíz
Pitching: RHP António Castaneda
Now at 1B: Shigekazu Kaneko
Now in LF: Stéphane Labat
Batting: RHB Jorge Barrios 0-0: Ball
1-0: Called Strike
1-1: Called Strike
1-2: SINGLE (Flyball, 89S)
Batting: RHB Pancho Reyna 0-0: Ball
1-0: Fly out, F9 (Flyball, 9LMF)
Batting: RHB Bennie McGrath 0-0: Fly out, F9 (Flyball, 89M)
Batting: RHB Pascal Bolzoni 0-0: Swinging Strike
0-1: Foul Ball, location: 2F
0-2: Strikes out swinging
Bottom of the 8th over - 0 run(s), 1 hit(s), 0 error(s), 1 left on base; San Pablo de las Salinas 9 - Boise 4
TOP OF THE 9TH
San Pablo de las Salinas Doctors batting - Pitching for Boise White Sox : LHP Anthony Blackwell
Batting: RHB Phil Moore 0-0: Ball
1-0: Called Strike
1-1: Ball
2-1: Fly out, F8 (Flyball, 8LM)
Batting: RHB John Jones 0-0: SINGLE (Groundball, 34D)
Batting: RHB Pedro López 0-0: Ball
1-0: Ball
2-0: Called Strike
2-1: Fly out, F8 (Line Drive, 8LM)
Batting: RHB Luis López 0-0: Ball
1-0: Called Strike
1-1: Called Strike
1-2: DOUBLE (Line Drive, 78D)
John Jones to third
Runner from 3rd tries for Home, SAFE, no throw or cutoff
Pitching: RHP Mauro Martínez
Batting: RHB Arturo Franco 0-0: Called Strike
0-1: Called Strike
0-2: Foul Ball, location: 2F
0-2: Ball
1-2: Strikes out swinging
Top of the 9th over - 1 run(s), 2 hit(s), 0 error(s), 1 left on base; San Pablo de las Salinas 10 - Boise 4
BOTTOM OF THE 9TH
Boise White Sox batting - Pitching for San Pablo de las Salinas Doctors : RHP António Castaneda
Batting: RHB Dennis House 0-0: Called Strike
0-1: Ball
1-1: Foul Ball, location: 2F
1-2: Strikes out looking
Batting: RHB Armando Vega 0-0: Foul Ball, location: 2F
0-1: Foul Ball, location: 2F
0-2: Ball
1-2: Ball
2-2: Ball
3-2: Foul Ball, location: 2F
3-2: Foul Ball, location: 2F
3-2: Base on Balls
Batting: RHB Don Jackson 0-0: Ball
1-0: Foul Ball, location: 2F
1-1: Ball
2-1: Fly out, F8 (Flyball, 8LM)
Batting: SHB António Ramos 0-0: Ball
1-0: Fly out, F7 (Flyball, 7M)
Bottom of the 9th over - 0 run(s), 0 hit(s), 0 error(s), 1 left on base; San Pablo de las Salinas 10 - Boise 4
Monday, December 5th, 2016 - OOTP Baseball 17.12 Build 75